 Dungeon Crawl Stone Soup version 0.28-a0-1565-g95a8017c83 (webtiles) character file.

Game seed: 15588861585405618827

18 kae the Insei (level 2, 0/21 HPs)
             Began as a Demonspawn Transmuter on Jan 19, 2022.
             Slain by Jessica (2 damage)
             ... on level 2 of the Dungeon.
             The game lasted 00:00:43 (1357 turns).

kae the Insei (Demonspawn Transmuter)               Turns: 1357, Time: 00:00:44

Health: 0/21       AC:  3    Str: 10    XL:     2   Next: 51%
Magic:  5/5        EV: 12    Int: 14    God:
Gold:   24         SH:  0    Dex: 13    Spells: 4/5 levels left

rFire   . . .      SeeInvis .     - Unarmed
rCold   . . .      Faith    .   (no shield)
rNeg    . . .      Spirit   .   a - +0 robe
rPois   .          Reflect  .   (no helmet)
rElec   .          Harm     .   (no cloak)
rCorr   .          Rampage  .   (no gloves)
Will    .....                   (no boots)
Stlth   +.........              (no amulet)
HPRegen 0.07/turn               e - ring of wizardry
MPRegen 0.09/turn               (no ring)

@: brilliant
A: sharp scales 1
a: no special abilities


You were on level 2 of the Dungeon.
You visited 1 branch of the dungeon, and saw 2 of its levels.

You collected 24 gold pieces.

Inventory:

Armour
 a - a +0 robe (worn)
Jewellery
 e - a ring of wizardry (left hand)
Scrolls
 b - a scroll of immolation
 d - a scroll of teleportation {unknown}
 h - a scroll of identify
Potions
 c - a potion of mutation
 f - a potion of lignification


   Skills:
 + Level 1.2 Fighting
 + Level 2.0 Dodging
 * Level 2.9 Unarmed Combat
 + Level 2.1 Spellcasting
 * Level 2.2 Transmutations


You had 4 spell levels left.
You knew the following spells:

 Your Spells              Type           Power      Damage    Failure   Level
a - Beastly Appendage     Tmut           22%        N/A       4%          1

Your spell library contained the following spells:

 Spells                   Type           Power      Damage    Failure   Level
 Wereblood                Tmut           11%        N/A       6%          2
 Spider Form              Tmut/Pois      6%         N/A       17%         3
 Ignite Poison            Fire/Tmut/Pois 5%         N/A       21%         3
 Conjure Flame            Conj/Fire      2%         6-21      26%         3
 Ice Form                 Ice/Tmut       6%         N/A       50%         4
 Sticky Flame             Conj/Fire      2%         2d3       65%         4


Dungeon Overview and Level Annotations

Branches:
Dungeon (2/15)

Altars:

Shops:
D:1 !

Annotations:
D:2 Jessica


Innate Abilities, Weirdness & Mutations

You are partially covered in razor-sharp scales. (AC +1, Slay +1)


Message History

Your horns disappear.
Your talons disappear.
Jessica hits you but does no damage.
You barely miss Jessica.
Jessica is moderately wounded.
Jessica shouts, "You are a ghastly nuisance!"
Jessica completely misses you.
You hit Jessica.
Jessica is moderately wounded.
Jessica barely misses you.
You closely miss Jessica.
Jessica is moderately wounded.
Jessica hits you with a +0 dagger!
You are too injured to fight recklessly!
You are too injured to fight recklessly!
You are too injured to fight recklessly!
You are too injured to fight recklessly!
You are too injured to fight recklessly!
You are too injured to fight recklessly!
You closely miss Jessica.
Jessica is moderately wounded.
Jessica hits you with a +0 dagger.
You hit Jessica.
Jessica is heavily wounded.
Jessica hits you with a +0 dagger.
* * * LOW HITPOINT WARNING * * *
You hit Jessica but do no damage.
Jessica is heavily wounded.
Jessica gestures wildly while chanting.
Jessica seems to speed up.
You hit Jessica but do no damage.
Jessica is heavily wounded.
Jessica hits you with a +0 dagger.
* * * LOW HITPOINT WARNING * * *
You hit Jessica.
Jessica is heavily wounded.
Jessica closely misses you. Jessica misses you.
It was a potion of brilliance.
You feel clever all of a sudden. Jessica hits you with a +0 dagger.
You die...

########### #.........#
#.........# #.........#
######### #.........#
........# #.........#
........# #....@....#
........# #...@.....#
........# #.........#
........#####)........#
........'...')..$.....'.
........#####†..$.....##
........# ##......###
######### #......#
#......# #......#


You could see Jessica (fast, strong).

Vanquished Creatures
  A worm (D:2)
  A dart slug (D:1)
  4 kobolds
  A quokka (D:2)
  A bat (D:1)
  2 frilled lizards (D:2)
  2 goblins (D:2)
  3 rats
15 creatures vanquished.

Notes
Turn   | Place    | Note
-------+----------+-------------------------------------------
     0 | D:1      | kae the Demonspawn Transmuter began the quest for the Orb.
     0 | D:1      | Reached XP level 1. HP: 15/15 MP: 3/3
    69 | D:1      | Found Luduopn's Distillery.
   489 | D:1      | Found a faded altar of an unknown god.
   934 | D:1      | Gained mutation: You are partially covered in razor-sharp
                  | scales. (AC +1, Slay +1) [demonic ancestry]
   934 | D:1      | Reached XP level 2. HP: 13/21 MP: 3/5
  1319 | D:2      | Noticed Jessica
  1357 | D:2      | Slain by Jessica

Illustrated notes

Levels and vault maps discovered:
D:1:      lightli_arrival_quake, layout_basic, serial_shops, shop,
          hellmonk_ecumenical_altar_heavens_door
D:2:      layout_basic, uniq_terence, uniq_jessica

Skill      XL: |  1  2 |
---------------+-------+-----
Transmutations | 2 |  2.2
Dodging        | 2 |  2.0
Fighting       | |  1.2
Unarmed Combat | |  2.9
Spellcasting   | |  2.1

Action                   || total
-------------------------++-------
Melee: Unarmed           ||    54
       Kick              ||     9
       Headbutt          ||     2
       Punch             ||     1
 Cast: Beastly Appendage ||    15
  Use: Scroll            ||     3
       Potion            ||     1
 Stab: Sleeping          ||     1
Armor: Robe              ||    14
Dodge: Dodged            ||    30

Table legend: (Time is in decaauts)
 A = Elapsed time spent in this place.
 B = Non-inter-level travel time spent in this place.
 C = Inter-level travel time spent in this place.
 D = Time resting spent in this place.
 E = Time spent auto-exploring this place.
 F = Levels seen in this place.
 G = Mean time per level.
                   A        B        C        D        E       F      G
               +--------+--------+--------+--------+--------+-----+--------+
         Total |   1353 |   1309 |     44 |      0 |   1145 |   2 |  676.5 |
       Dungeon |   1353 |   1309 |     44 |      0 |   1145 |   2 |  676.5 |
               +--------+--------+--------+--------+--------+-----+--------+

Top non-repeatable levels by time:
     D:1: 1156 daAuts
     D:2: 196 daAuts
